 Dungeon Crawl Stone Soup version 0.20.1-1-g8b1a95d (webtiles) character file.

64 Internecine the Shooter (level 3, -1/32 HPs)
             Began as a Deep Dwarf Hunter on Sept 29, 2017.
             Slain by a bullfrog (4 damage)
             ... on level 6 of the Dungeon.
             The game lasted 00:11:54 (1572 turns).

Internecine the Shooter (Deep Dwarf Hunter)         Turns: 1572, Time: 00:11:57

Health: -1/32      AC:  3    Str: 15    XL:     3   Next: 91%
Magic:  3/3        EV: 12    Int: 11    God:
Gold:   54         SH:  0    Dex: 14    Spells: 2/2 levels left

rFire    . . .     SeeInvis .   a - +1 shortbow
rCold    . . .     Gourm    .   (shield currently unavailable)
rNeg     . . .     Faith    .   c - +0 leather armour
rPois    .         Spirit   .   (no helmet)
rElec    .         Reflect  .   (no cloak)
rCorr    .         Harm     .   (no gloves)
MR       .....                  (no boots)
Stlth    ++........             (no amulet)
Regen    0.0/turn               (no ring)
MPRegen  0.1/turn               (no ring)

@: non-regenerating
A: damage resistance, heal wounds, sense surroundings 1, no regeneration
a: Heal Wounds


You were on level 6 of the Dungeon.
You were hungry.

You visited 1 branch of the dungeon, and saw 5 of its levels.

You collected 54 gold pieces.

Inventory:

Hand Weapons
 a - a +1 shortbow (weapon)
 b - a +0 short sword
 h - a +0 dagger of protection
Missiles
 d - 4 arrows (quivered)
 e - 16 stones
 o - 15 sling bullets
Armour
 c - a +0 leather armour (worn)
 i - a +0 chain mail
 j - a +0 ring mail
 q - a +0 leather armour
 r - a +0 leather armour
Scrolls
 l - a scroll of teleportation {unknown}
 m - a scroll of immolation {unknown}
 s - a scroll of enchant armour {unknown}
Potions
 k - 2 potions of curing {unknown}
 p - a potion of haste {unknown}
Comestibles
 f - 3 bread rations
 g - a chunk of flesh
 n - a royal jelly


   Skills:
 + Level 1.8 Fighting
 + Level 3.9 Bows
 + Level 1.0 Armour
 + Level 2.5 Dodging
 + Level 1.2 Stealth


You had 2 spell levels left.
You didn't know any spells.

Dungeon Overview and Level Annotations

Branches:
Dungeon (7/15)
 Temple: D:4-7

Altars:
Cheibriados

Shops:
D:6 (


Innate Abilities, Weirdness & Mutations

You are resistant to damage.
You can heal yourself by infusing magical energy.
You passively map a small area around you.
You do not regenerate.


Message History

You see here a ring mail.
The bullfrog barely misses you. The bullfrog hits you.
The worker ant closely misses you. The ogre closely misses you.
The worker ant bites you. The bullfrog hits you.
Found 21 gold pieces.
A howler monkey comes into view.
The bullfrog hits you.
* * * LOW HITPOINT WARNING * * *
Found 15 arrows, a dagger and a robe.
Firing (i - inventory. (,) - cycle):
d - 5 arrows (quivered)
Press: ? - help, Shift-Dir - straight line, f/p - bullfrog
Aim: a bullfrog (moderately wounded)
You shoot an arrow. The arrow barely misses the bullfrog.
The arrow barely misses the ogre.
The arrow barely misses the worker ant.
The bullfrog hits you but does no damage.
The orc hits you from afar with a trident!
* * * LOW HITPOINT WARNING * * *
The bullfrog hits you.
You die...

,
...#............[....
*
......#.#?#....).....
###..#.#..............
#...........#....h..(.
,
...........#....$....
, ,
#.........#.........
,*#........Z##........
#....<[..aOF@.......
#.........o#####.### ,
.####.........## ,
..............#* , , ,
.####...8..∩..8.. , ,
, ......#>#.##.....,,
, ....(........##... *
.######....### #..
#....# ,


You could see an ogre, a bullfrog, a howler monkey, a worker ant, an orc and a
worker ant zombie.

Vanquished Creatures
  An adder (D:4)
  2 worms
  2 dart slugs
  A leopard gecko (D:1)
  An orc (D:4)
  7 bats
  7 goblins
  4 hobgoblins
  2 jackals (D:1)
  A ball python (D:1)
  7 frilled lizards
  4 kobolds (D:1)
  5 rats
  A fungus (D:1)
45 creatures vanquished.

Notes
Turn   | Place    | Note
-------+----------+-------------------------------------------
     0 | D:1      | Internecine the Deep Dwarf Hunter began the quest for the Orb.
     0 | D:1      | Reached XP level 1. HP: 19/19 MP: 1/1
   115 | D:1      | Reached skill level 3 in Bows
   189 | D:1      | Reached XP level 2. HP: 26/26 MP: 2/2
   245 | D:1      | Found a snail-covered altar of Cheibriados.
   666 | D:1      | Reached XP level 3. HP: 32/32 MP: 3/3
  1438 | D:2      | You fall through a shaft for 2 floors!
  1511 | D:4      | Reached skill level 1 in Armour
  1530 | D:4      | You fall through a shaft for 3 floors!
  1558 | D:6      | Found Ryhuckad's Antique Weapon Shop.
  1558 | D:6      | Noticed an ogre
  1560 | D:6      | Noticed a bullfrog
  1572 | D:6      | Slain by a bullfrog

Skill      XL: |  1  2  3 |
---------------+----------+-----
Bows           | 3 |  3.9
Armour         | 1 |  1.0
Fighting       | |  1.8
Dodging        | |  2.5
Stealth        | |  1.2

Action                   || total
-------------------------++-------
Melee: Dagger            ||    31
 Fire: Shortbow          ||   116
Throw: Stone             ||    17
  Eat: Chunk             ||     1
Armor: Leather armour    ||    27
Dodge: Dodged            ||    54
